 Dungeon Crawl Stone Soup version 0.27-a0-1456-gf5a116941d (webtiles) character file.

Game seed: 8109749205955375749

273 avis the Ruffian (level 5, -3/41 HPs)
             Began as a Demigod Transmuter on July 7, 2021.
             Slain by a gnoll sergeant (6 damage)
             ... on level 5 of the Dungeon.
             The game lasted 00:22:59 (4524 turns).

avis the Ruffian (Demigod Transmuter)               Turns: 4524, Time: 00:23:00

Health: -3/41      AC:  3    Str: 15    XL:     5   Next: 71%
Magic:  8/10       EV: 11    Int: 15    God:
Gold:   138        SH:  0    Dex: 14    Spells: 4/8 levels left

rFire    . . .     SeeInvis .     - Unarmed
rCold    . . .     Faith    .   (no shield)
rNeg     . . .     Spirit   .   n - +0 leather armour
rPois    +         Reflect  .   (helmet currently unavailable)
rElec    .         Harm     .   (no cloak)
rCorr    .         Rampage  .   (no gloves)
Will     .....                  (boots currently unavailable)
Stlth    ++........             (no amulet)
HPRegen  0.13/turn              c - ring of poison resistance
MPRegen  0.12/turn              (no ring)

@: appendages
A: horns 2, talons 2, high mp 1, forlorn
a: End Transformation


You were on level 5 of the Dungeon.
You had temporarily grown beastly horns and talons.
You visited 1 branch of the dungeon, and saw 5 of its levels.

You collected 138 gold pieces.

Inventory:

Hand Weapons
 s - a +1 rapier of venom
Missiles
 d - 199 stones
 g - 6 boomerangs
 l - 19 arrows
 p - 2 poisoned darts (quivered)
 w - 23 bolts
Armour
 a - a +0 robe
 n - a +0 leather armour (worn)
Jewellery
 c - a ring of poison resistance (left hand)
Scrolls
 f - 6 scrolls of identify {unknown}
 h - 3 scrolls of enchant armour {unknown}
 i - a scroll of immolation {unknown}
 j - 2 scrolls of acquirement {unknown}
 m - 4 scrolls of enchant weapon {unknown}
 q - a scroll of teleportation {unknown}
 r - a scroll of fear {unknown}
 u - a scroll of blinking {unknown}
Potions
 b - a potion of curing {unknown}
 e - a potion of attraction {unknown}
 k - a potion of cancellation {unknown}
 o - a potion of might {unknown}
 t - a potion of haste {unknown}
 v - a potion of flight {unknown}


   Skills:
 - Level 2.0 Fighting
 - Level 1.7 Dodging
 - Level 2.0 Stealth
 * Level 4.5 Unarmed Combat
 - Level 2.0 Spellcasting
 - Level 3.0 Transmutations
 - Level 1.0 Poison Magic


You had 4 spell levels left.
You knew the following spells:

 Your Spells              Type           Power      Damage    Failure   Level
a - Beastly Appendage     Tmut           20%        N/A       8%          1
p - Spider Form           Tmut/Pois      3%         N/A       34%         3

Your spell library contained the following spells:

 Spells                   Type           Power      Damage    Failure   Level
 Wereblood                Tmut           10%        N/A       12%         2
 Corpse Rot               Necr/Air       N/A        N/A       38%         2
 Ensorcelled Hibernation  Hex/Ice        2%         N/A       38%         2
 Ice Form                 Ice/Tmut       6%         N/A       82%         4
 Dispel Undead            Necr           1%         3d6       95%         4
 Death Channel            Necr           0%         N/A       100%        6
 Shadow Creatures         Summ           N/A        N/A       100%        6


Dungeon Overview and Level Annotations

Branches:
Dungeon (5/15)
 Temple: D:4-7

Shops:
D:1 =

Annotations:
D:2 1 runed translucent door, Crazy Yiuf
D:3 Grinder


Innate Abilities, Weirdness & Mutations

You have temporarily grown beastly horns and talons.
Your attributes grow dramatically as you level up.
You have an increased reservoir of magic. (+10% MP)
You shall have no god before yourself.


Message History

The gnoll hits you with a +0 whip. The gnoll misses you.
There is a stone staircase leading up here.
You completely miss the gnoll. The gnoll closely misses you.
The gnoll misses you.
You bite the gnoll!
The gnoll is severely wounded.
The gnoll sergeant hits you from afar with a +0 spear!
The gnoll misses you. The gnoll completely misses you.
You hit the gnoll.
The gnoll is almost dead.
The gnoll sergeant hits you from afar with a +0 spear!
The gnoll hits you but does no damage. The gnoll closely misses you.
Your transformation is almost over.
The gnoll sergeant hits you with a +0 spear.
The gnoll misses you.
You hit the gnoll sergeant.
The gnoll sergeant is poisoned.
The gnoll sergeant is lightly wounded.
The gnoll sergeant completely misses you.
The gnoll hits you with a +0 club. The gnoll completely misses you.
You hit the gnoll.
The gnoll is poisoned.
The gnoll is heavily wounded.
The gnoll sergeant barely misses you. The gnoll hits you with a +0 club.
* * * LOW HITPOINT WARNING * * *
The gnoll closely misses you.
The gnoll sergeant hits you from afar with a +0 spear!
* * * LOW HITPOINT WARNING * * *
There is an open door here.
You kill the gnoll!
Okay, then.
Your transformation has ended.
Your +0 leather armour unmelds from your body.
Casting: Spider Form (quite dangerous; 34% risk of failure)
Confirm with . or Enter, or press ? or * to list all spells.
You grow a pair of large bovine horns.
Your feet morph into talons.
The gnoll sergeant misses you. The gnoll sergeant misses you.
You barely miss the gnoll sergeant. Your kick misses the gnoll sergeant.
The gnoll sergeant is severely wounded.
The gnoll sergeant hits you with a +0 spear.
You die...

###### ###### ######
#....#####....# #....#
#....'...#.@g.# #....#
#....#...#..g.# #....#
#....#...#....# #....#
#....##'##....######....#
######...###).[.........#
#......#............#
#.....g'............#
######..##.#.........†..##
#....#'###)#########.....#


You could see a gnoll sergeant (poisoned) and a gnoll.

Vanquished Creatures
  A scorpion (D:2)
  An orc priest (D:3)
  An orc wizard (D:3)
  2 gnolls (D:5)
  7 adders
  A worm (D:2)
  5 dart slugs
  6 orcs
  2 endoplasms
  3 giant cockroaches
  4 hobgoblins
  7 jackals
  4 quokkas
  4 ball pythons
  6 bats
  A frilled lizard (D:2)
  4 goblins
  3 kobolds
  2 rats (D:1)
64 creatures vanquished.

Vanquished Creatures (others)
  2 fungi (D:2)
2 creatures vanquished.

Grand Total: 66 creatures vanquished

Notes
Turn   | Place    | Note
-------+----------+-------------------------------------------
     0 | D:1      | avis the Demigod Transmuter began the quest for the Orb.
     0 | D:1      | Reached XP level 1. HP: 15/15 MP: 5/5
    75 | D:1      | Found Linomimo's Jewellery Shop.
    85 | D:1      | Reached skill level 3 in Unarmed Combat
   103 | D:1      | Reached XP level 2. HP: 13/22 MP: 7/7
  1248 | D:2      | Reached XP level 3. HP: 17/27 MP: 8/8
  1355 | D:2      | Learned a level 3 spell: Spider Form
  1383 | D:2      | Reached skill level 4 in Unarmed Combat
  1682 | D:2      | Reached skill level 1 in Poison Magic
  1744 | D:2      | Noticed a scorpion
  1749 | D:2      | Killed a scorpion
  1750 | D:2      | Reached XP level 4. HP: 32/34 MP: 5/9
  2344 | D:2      | Found a runed translucent door.
  2345 | D:2      | Noticed Crazy Yiuf
  2540 | D:2      | Reached skill level 1 in Stealth
  2945 | D:3      | Reached skill level 1 in Fighting
  2948 | D:3      | Reached XP level 5. HP: 32/40 MP: 5/10
  3423 | D:3      | Noticed Grinder
  3863 | D:3      | You fall into a shaft and drop 1 floor!
  4147 | D:5      | Entered Level 5 of the Dungeon
  4514 | D:5      | HP: 2/41 [gnoll sergeant (9)]
  4524 | D:5      | Slain by a gnoll sergeant

Illustrated notes

Levels and vault maps discovered:
D:1:      onia_arrival_pyramid, layout_rooms,
          shapermc_ecumenical_altar_totnotflames, serial_shops, shop,
          minmay_shallow_snake_nest
D:2:      layout_basic, basic_altar, serial_bayou_pond_e,
          uniq_crazy_yiuf_cottage
D:3:      kennysheep_the_goblin_king, layout_basic,
          nicolae_overflow_hidden_temple, grunt_temple_overflow_open,
          kennysheep_decorative_pillar, grunt_decor_resistance, uniq_grinder
D:4:      layout_rooms, supply_closet_lemuel
D:5:      layout_gridville, serial_shops, shop, minmay_fractal_squares_5

Skill      XL: |  1  2  3  4  5 |
---------------+----------------+-----
Unarmed Combat | 3 4 |  4.5
Transmutations | 3 |  3.0
Poison Magic   | 1 |  1.0
Spellcasting   | 2 |  2.0
Stealth        | 2 |  2.0
Fighting       | 1 2 |  2.0
Dodging        | |  1.7

Action                   |  1- 3 |  4- 6 || total
-------------------------+-------+-------++-------
Melee: Unarmed           |    87 |   100 ||   187
       Kick              |    15 |    20 ||    35
       Headbutt          |     9 |    10 ||    19
       Punch             |     1 |     2 ||     3
Throw: Boomerang         |     6 |       ||     6
       Dart              |       |     1 ||     1
 Cast: Beastly Appendage |    21 |    18 ||    39
       Spider Form       |     2 |     9 ||    11
 Stab: Sleeping          |     1 |     2 ||     3
Armor: Robe              |     6 |       ||     6
       Leather armour    |     3 |     7 ||    10
       Skin              |       |     4 ||     4
Dodge: Dodged            |    48 |    72 ||   120

Table legend: (Time is in decaauts)
 A = Elapsed time spent in this place.
 B = Non-inter-level travel time spent in this place.
 C = Inter-level travel time spent in this place.
 D = Time resting spent in this place.
 E = Time spent auto-exploring this place.
 F = Levels seen in this place.
 G = Mean time per level.
                   A        B        C        D        E       F      G
               +--------+--------+--------+--------+--------+-----+--------+
         Total |   4526 |   4263 |    263 |   1570 |   1384 |   5 |  905.2 |
       Dungeon |   4526 |   4263 |    263 |   1570 |   1384 |   5 |  905.2 |
               +--------+--------+--------+--------+--------+-----+--------+

Top non-repeatable levels by time:
     D:2: 1934 daAuts
     D:3: 1021 daAuts
     D:1: 973 daAuts
     D:4: 415 daAuts
     D:5: 181 daAuts
